AoeStats
← BYoooo

Hideout

509890488Analyzed
1v1 RM · 4d ago on Sep 28, 2026· 49m 46s· 2 players
Game mode
Random Map
Map size
Tiny (2 player)
Population
200
Speed
Normal
Resources
Standard
Victory
Conquest
Starting age
Dark Age
Ending age
Imperial Age
RankedLock teamsTeams togetherTeam positionsShared explorationLock speedFull tech treeHidden civsTurbo modeCheats
Victory
Defeat
682
+16
🇩🇪 Franks · Germany
677
-16
BYoooo
10:53 Feudal Age
12:39 Double-Bit Axe
17:16 Loom
31:13 Castle Age
30:30 Scale Barding Armor
30:36 Forging
32:57 Husbandry
36:49 Chain Barding Armor
37:05 Iron Casting
41:25 Bow Saw
43:29 Gold Mining
43:35 Stone Mining
46:21 Gold Shaft Mining
51:24 Imperial Age
中国人不打中国人
3:06 Loom
14:01 Feudal Age
14:27 Double-Bit Axe
14:41 Horse Collar
18:44 Forging
25:57 Castle Age
25:02 Gold Mining
26:41 Squires
26:45 Scale Mail Armor
27:14 Bow Saw
29:41 Wheelbarrow
28:54 Town Watch
31:50 Hand Cart
31:18 Pikeman
32:57 Town Patrol
35:15 Gold Shaft Mining
34:32 Stone Mining
41:01 Imperial Age
38:31 Stirrups
39:41 Iron Casting
40:34 Chain Mail Armor
41:28 Scale Barding Armor
41:11 Halberdier
42:32 Conscription
42:59 Bagains
43:33 Heavy Plow
43:17 Elite Skirmisher
45:40 Blast Furnace
45:11 Plate Mail Armor
45:53 Stone Shaft Mining
47:10 Gambesons
49:45 Elite Konnik
Connection lost

Rejoining the realm…

Still unreachable

The connection could not be restored.

Session expired

The server has moved on; the page needs a fresh start.